 Dungeon Crawl Stone Soup version 0.19-a0-1155-gb6eeeff (webtiles) character file.

2909 epen the Insei (level 9, -3/71 HPs)
             Began as a Mummy Monk on Aug 13, 2016.
             Was a Believer of Cheibriados.
             Slain by a wolf (7 damage)
             ... led by Grum
             ... on level 8 of the Dungeon.
             The game lasted 00:15:27 (9717 turns).

epen the Insei (Mummy Monk)                         Turns: 9717, Time: 00:15:28

Health: -3/71      AC: 12    Str: 20    XL:     9   Next: 49%
Magic:  12/15      EV: 16    Int: 19    God:    Cheibriados [**....]
Gold:   464        SH:  0    Dex: 20    Spells: 0 memorised, 16 levels left

rFire  x . .     SeeInvis .     h - +1 dagger (venom)
rCold  + . .     Gourm    .     i - +2 leather armour {rN+}
rNeg   + + +     Faith    .     (no shield)
rPois  ∞         Spirit   .     e - +0 helmet
rElec  .         Dismiss  .     l - +0 cloak
rCorr  .         Reflect  .     (no gloves)
MR     +....     Harm     .     (no boots)
Stlth  ++........               (no amulet)
                                k - +2 ring of protection
                                m - +3 ring of protection

@: very slow
A: no food or potions, fire vulnerability, cold resistance 1, negative energy
resistance 3, torment resistance, unbreathing
a: Bend Time, Renounce Religion


You were on level 8 of the Dungeon.
You worshipped Cheibriados.
Cheibriados was pleased with you.
You were not hungry.

You visited 2 branches of the dungeon, and saw 9 of its levels.

You collected 464 gold pieces.

Inventory:

Hand Weapons
 h - a +1 dagger of venom (weapon)
Armour
 a - a +0 robe
 e - a +0 helmet (worn)
 i - a +2 leather armour of positive energy (worn)
 l - a +0 cloak (worn)
Jewellery
 j - a +4 ring of dexterity
 k - a +2 ring of protection (right hand)
 m - a +3 ring of protection (left hand)
 n - an uncursed ring of teleportation
 q - an uncursed amulet of rage {unknown}
Wands
 b - a wand of random effects (21/48)
Scrolls
 c - a scroll of recharging
 d - 8 scrolls of identify
 f - 2 scrolls of fear
 g - a scroll of amnesia
 p - a scroll of remove curse
 r - a scroll of teleportation {unknown}
 s - a scroll of noise {unknown}
Books
 o - a book of Conjurations

   Spells                             Type                      Level
   a - Magic Dart                     Conjuration                  1
   b - Searing Ray                    Conjuration                  2
   c - Dazzling Spray                 Conjuration/Hexes            3
   d - Fulminant Prism                Conjuration/Hexes            4
   e - Iskenderun's Mystic Blast      Conjuration                  4
   f - Iskenderun's Battlesphere      Conjuration/Charms           5


   Skills:
 + Level 6.9 Fighting
 + Level 5.6 Dodging
 - Level 1.5 Stealth
 * Level 7.6 Unarmed Combat
 + Level 4.2 Spellcasting


You had 16 spell levels left.
You didn't know any spells.

Dungeon Overview and Level Annotations

Branches:
Dungeon (8/15)             Temple (1/1) D:7
   Lair: D:8-11

Altars:
Ashenzari
Cheibriados
Elyvilon
Fedhas
Gozag
Hepliaklqana
Kikubaaqudgha
Makhleb
Pakellas
Qazlal
Ru
Sif Muna
Vehumet
Yredelemnul

Shops:
D:5 !   D:7 :   D:8 ?

Annotations:
D:8 Gastronok, Grum


Innate Abilities, Weirdness & Mutations

You do not eat or drink.
Your flesh is vulnerable to fire.
You are immune to poison.
Your flesh is cold resistant. (rC+)
You are immune to negative energy. (rN+++)
You are immune to unholy pain and torment.
You can survive without breathing.


Message History

The wolf bites you.
* * * LOW HITPOINT WARNING * * *
The wolf bites you.
* * * LOW HITPOINT WARNING * * *
The wolf barely misses you. The wolf closely misses you.
Grum hits you from afar with a spear.
* * * LOW HITPOINT WARNING * * *
Found a bread ration.
The flow of time bends around you.
The wolf resists with some effort.
Cheibriados rebukes the wolf.
The wolf seems to slow down.
The wolf bites you but does no damage. x2
Grum hits you from afar with a spear!
* * * LOW HITPOINT WARNING * * *
The wolf closely misses you.
Unknown command.
You hit the wolf but do no damage.
The wolf is poisoned.
The wolf looks more healthy.
The wolf bites you.
* * * LOW HITPOINT WARNING * * *
The wolf bites you!
You die...

.# ## .....###..# .#
####.......##..# .#
.#...###...#..####
... ##.....#..# #..#
##......## #.%.
#.....## #...
##...## #..###
#....#
##..@h###....###
#....hg........####
#...####...##......#
#..# ##..##.....##
#... #..####..###
.... #..# ##.#
#....... #..# #.#
#......... .... ###
##.......... .....


You could see Grum and 2 wolves.

Vanquished Creatures
  A spriggan (D:7)
  Eustachio (D:4)
  Edmund (D:5)
  2 ice beasts
  2 sky beasts
  A wasp (D:7)
  A phantom (D:6)
  2 ogres (D:7)
  2 wolves
  3 centaurs
  5 giant frogs
  A gnoll sergeant (D:5)
  6 killer bees (D:7)
  An orc priest (D:6)
  A centaur skeleton (D:3)
  3 hounds
  4 orc wizards
  7 worker ants
  A howler monkey zombie (D:5)
  A worker ant zombie (D:6)
  Robin (D:4)
  7 gnolls (D:5)
  4 adders
  A shadow imp (D:7)
  An adder skeleton (D:7)
  4 worms
  4 dart slugs
  4 giant geckos
  28 orcs
  A ball python (D:2)
  8 giant cockroaches
  15 goblins
  15 hobgoblins
  17 jackals
  6 kobolds
  A quokka (D:6)
  9 bats
  A giant cockroach zombie (D:5)
  A giant gecko zombie (D:7)
  4 giant newts
  A jackal skeleton (D:6)
  10 rats
189 creatures vanquished.

Vanquished Creatures (others)
  A goblin (D:4)
  A kobold (D:2)
2 creatures vanquished.

Grand Total: 191 creatures vanquished

Notes
Turn   | Place    | Note
-------+----------+-------------------------------------------
     0 | D:1      | epen the Mummy Monk began the quest for the Orb.
     0 | D:1      | Reached XP level 1. HP: 18/18 MP: 1/1
   186 | D:1      | Reached XP level 2. HP: 14/24 MP: 2/2
   562 | D:1      | Reached XP level 3. HP: 5/29 MP: 3/3
  1496 | D:2      | Reached skill level 3 in Unarmed Combat
  1796 | D:2      | HP: 1/29 [worm (10)]
  2053 | D:2      | Reached XP level 4. HP: 29/36 MP: 4/4
  2105 | D:2      | Found a stormy altar of Qazlal.
  3127 | D:3      | Reached XP level 5. HP: 12/42 MP: 5/5
  3685 | D:4      | Noticed Robin
  3824 | D:4      | Killed Robin
  3950 | D:4      | Found a burning altar of Makhleb.
  3953 | D:4      | Found an opulent altar of Gozag.
  4233 | D:4      | You fall through a shaft!
  4233 | D:5      | Entered Level 5 of the Dungeon
  4265 | D:5      | Reached skill level 4 in Unarmed Combat
  4345 | D:4      | Reached XP level 6. HP: 24/49 MP: 6/6
  4758 | D:4      | Noticed Eustachio
  4770 | D:4      | Killed Eustachio
  5126 | D:5      | Noticed Edmund
  5171 | D:5      | Killed Edmund
  5171 | D:5      | Reached skill level 5 in Unarmed Combat
  5171 | D:5      | Reached XP level 7. HP: 28/55 MP: 7/7
  5263 | D:5      | Reached skill level 5 in Fighting
  5355 | D:5      | Found an ancient bone altar of Kikubaaqudgha.
  5508 | D:5      | Found Hineeg Fiod's Distillery.
  6064 | D:5      | Reached skill level 1 in Spellcasting
  6507 | D:6      | Reached XP level 8. HP: 46/63 MP: 10/10
  6959 | D:6      | Found a shattered altar of Ashenzari.
  6963 | D:6      | Found a radiant altar of Vehumet.
  6965 | D:6      | Found a basalt altar of Yredelemnul.
  6968 | D:6      | Found an oddly glowing altar of Pakellas.
  7187 | D:6      | Reached skill level 6 in Unarmed Combat
  7753 | D:7      | Found a staircase to the Ecumenical Temple.
  7770 | Temple   | Entered the Ecumenical Temple
  7792 | Temple   | Became a worshipper of Cheibriados the Contemplative
  7792 | Temple   | Reached * piety under Cheibriados
  7792 | Temple   | Reached ** piety under Cheibriados
  7818 | D:7      | Reached skill level 5 in Dodging
  8248 | D:7      | Reached skill level 7 in Unarmed Combat
  8248 | D:7      | Reached XP level 9. HP: 42/71 MP: 14/14
  8787 | D:7      | Found Peivuotz's Book Shoppe.
  9524 | D:8      | Found Tesiobek's Magic Scroll Boutique.
  9534 | D:8      | Noticed Gastronok
  9697 | D:8      | Noticed Grum
  9717 | D:8      | Slain by a wolf

Vault maps used:
D:1:      lightli_arrival_isolated_outpost, serial_co_window_serial,
          co_window_of_opportunity_a, co_window_of_opportunity_a,
          co_window_paths_b, co_window_corner_a, co_window_corner_a,
          co_window_paths_a, co_window_corner_a, co_window_cross_2,
          co_window_cross_2, co_window_broadway_c, co_window_4corner_a,
          glass_columns_a, glass_columns_a
D:2:      grunt_qazlal_clouds
D:4:      makhleb_heckhound_becter, first_bread, small_statue_intersection,
          nicolae_gozag_seed_capital, uniq_eustachio, uniq_robin
D:5:      kennysheep_mini_moat, serial_shops, nicolae_shop_crystal, uniq_edmund
D:6:      minitemple
D:7:      serial_shops, shop, the_bakery, corexii_leaking_fountain
D:8:      serial_shops, nicolae_shop_statue_plus, kennysheep_little_box, shop,
          nicolae_shop_crystal, uniq_grum, uniq_prince_ribbit1, uniq_gastronok,
          uniq_joseph
Temple:   eino_temple_scatter_basement

Skill      XL: |  1  2  3  4  5  6  7  8  9 |
---------------+----------------------------+-----
Unarmed Combat | 3 4 5 7 |  7.6
Dodging        | 3 4 5 |  5.6
Fighting       | 4 5 6 |  6.9
Spellcasting   | 1 3 4 |  4.2
Stealth        | |  1.5

Action                   |  1- 3 |  4- 6 |  7- 9 || total
-------------------------+-------+-------+-------++-------
Melee: Unarmed           |   189 |       |    28 ||   217
       Punch             |     3 |    12 |    20 ||    35
       Dagger            |     5 |   260 |   467 ||   732
Invok: Bend Time         |       |       |     1 ||     1
Evoke: Wand              |       |     2 |       ||     2
  Use: Scroll            |       |     8 |     3 ||    11
 Stab: Sleeping          |     1 |     6 |     3 ||    10
       Distracted        |       |     1 |       ||     1
Armor: Robe              |    36 |    82 |       ||   118
       Leather armour    |       |       |   195 ||   195
Dodge: Dodged            |   123 |   205 |   415 ||   743
